 Dungeon Crawl Stone Soup version 0.19.0-11-g3fc08b3 (webtiles) character file.

1393 Jerry the Cutter (level 8, -6/38 HPs)
             Began as a Vine Stalker Assassin on Nov 8, 2016.
             Mangled by a slave (9 damage)
             ... led by Pikel
             ... on level 6 of the Dungeon.
             The game lasted 00:27:45 (4899 turns).

Jerry the Cutter (Vine Stalker Assassin)            Turns: 4899, Time: 00:27:45

Health: -6/38      AC:  5    Str: 15    XL:     8   Next: 68%
Magic:  0/9        EV: 11    Int: 11    God:
Gold:   286        SH:  0    Dex: 15    Spells: 0 memorised, 7 levels left

rFire  . . .     SeeInvis .     b - +0 blowgun
rCold  . . .     Gourm    .     w - +0 leather armour (curse)
rNeg   . . .     Faith    .     (no shield)
rPois  .         Spirit   +     B - +0 helmet
rElec  .         Reflect  .     n - +1 cloak
rCorr  .         Harm     .     (no gloves)
MR     +....                    (no boots)
Stlth  ++........               (no amulet)
                                (no ring)
                                (no ring)

@: drained
A: fangs 3, blurry vision 1, clumsy 1, deformed body, regeneration 1, magic
shield, antimagic bite, no device heal 3, rot immunity, subdued magic 1
a: no special abilities


You were on level 6 of the Dungeon.
You were not hungry.

You visited 1 branch of the dungeon, and saw 6 of its levels.

You collected 286 gold pieces.

Inventory:

Hand Weapons
 a - a +1 dagger of protection
 b - a +0 blowgun (weapon)
 z - a +2 short sword of venom
Missiles
 e - 74 poisoned needles (quivered)
 i - 10 tomahawks
 r - 7 javelins
 F - 3 tomahawks of returning
Armour
 c - a +0 buckler
 n - a +1 cloak (worn)
 w - a cursed +0 leather armour (worn)
 B - a +0 helmet (worn)
Wands
 y - a wand of flame (22/48)
 L - a wand of slowing (34/48)
Scrolls
 h - a scroll of blinking {unknown}
 k - 5 scrolls of remove curse {unknown}
 l - a scroll of amnesia {unknown}
 p - 2 scrolls of teleportation {unknown}
 s - 3 scrolls of recharging {unknown}
 t - 3 scrolls of immolation {unknown}
 u - 2 scrolls of random uselessness {unknown}
 A - a scroll of enchant armour {unknown}
 C - 5 scrolls of identify {unknown}
 G - a scroll of magic mapping {unknown}
Potions
 d - 3 potions of lignification {unknown}
 j - 5 potions of curing
 m - 3 potions of brilliance {unknown}
 o - 2 potions of haste {unknown}
 v - a potion of invisibility {unknown}
 x - 3 potions of might {unknown}
 D - a potion of agility {unknown}
 I - a potion of flight {unknown}
 J - a potion of heal wounds
 K - a potion of cancellation {unknown}
Comestibles
 g - 4 bread rations
 E - a chunk of flesh
 H - a meat ration


   Skills:
 - Level 1.7(0.7) Fighting
 + Level 6.2(5.0) Short Blades
 - Level 1.7(0.7) Throwing
 + Level 5.1(4.0) Armour
 - Level 0.7(0.0) Dodging
 - Level 4.8(3.7) Stealth
 + Level 4.2(3.1) Shields


You had 7 spell levels left.
You didn't know any spells.

Dungeon Overview and Level Annotations

Branches:
Dungeon (6/15)
 Temple: D:4-7

Altars:
Dithmenos
Hepliaklqana
Sif Muna
Xom

Annotations:
D:6 Pikel


Innate Abilities, Weirdness & Mutations

You have razor-sharp teeth.
Your natural rate of healing is unusually fast.
When hurt, damage is shared between your health and your magic reserves.
Your bite disrupts and absorbs the magic of your enemies.
Potions and wands cannot restore your health.
You are immune to rotting.
Scrolls take you a little longer to read.
You are clumsy. (Dex -2)
Armour fits poorly on your strangely shaped body.
Your spells are a little easier to cast, but a little less powerful.


Message History

Aim: Pikel, wielding a whip of flaming and wearing a robe (lightly wounded, slow, poisoned)
You shoot a needle of confusion. The needle of confusion hits Pikel.
Pikel resists.
Pikel is lightly wounded.
The slave hits you. The slave hits you but does no damage.
The scorpion stings you.
* * * LOW HITPOINT WARNING * * *
Firing (i - inventory. (,) - cycle):
e - 75 poisoned needles (quivered)
Press: ? - help, Shift-Dir - straight line, f/p - Pikel
Aim: Pikel, wielding a whip of flaming and wearing a robe (lightly wounded, slow, poisoned)
You shoot a poisoned needle. The poisoned needle hits Pikel.
Pikel is lightly wounded.
The slave hits you but does no damage. The slave hits you.
* * * LOW HITPOINT WARNING * * *
Pikel hits you with a whip of flaming.
* * * LOW HITPOINT WARNING * * *
Pikel burns you.
* * * LOW HITPOINT WARNING * * *
The slave hits you!
You die...

#..........##p.........
#.........%##..........
#......[...##..........
#..........##..........
########................
.......................#
...............#########
......spp......#
.......@p......#
.......K.......#
...............#
...............#
.....(.........#
...............#
...............#
.......(#######


You could see Pikel, 3 slaves and a scorpion.

Vanquished Creatures
  Menkaure (D:6)
  Edmund (D:6)
  A slave (D:6)
  A sky beast (D:6)
  A centaur (D:5)
  A scorpion (D:4)
  A howler monkey (D:6)
  2 centaur zombies
  A crimson imp (D:5)
  An orc priest (D:4)
  2 hounds (D:4)
  A bullfrog skeleton (D:4)
  A centaur skeleton (D:4)
  Crazy Yiuf (D:2)
  An iguana (D:6)
  Natasha (thrice) (D:2)
  9 worker ants
  2 orc wizards (D:4)
  A hound skeleton (D:5)
  Robin (D:3)
  3 gnolls (D:5)
  5 adders
  A shadow imp (D:5)
  An adder skeleton (D:4)
  2 worms (D:2)
  3 dart slugs
  4 leopard geckos
  17 orcs
  12 bats
  3 giant cockroaches
  23 goblins
  15 hobgoblins
  6 jackals
  14 kobolds
  3 quokkas
  7 frilled lizards
  A leopard gecko zombie (D:5)
  A quokka zombie (D:6)
  5 rats
159 creatures vanquished.

Notes
Turn   | Place    | Note
-------+----------+-------------------------------------------
     0 | D:1      | Jerry the Vine Stalker Assassin began the quest for the Orb.
     0 | D:1      | Reached XP level 1. HP: 11/11 MP: 2/2
    91 | D:1      | Reached skill level 2 in Short Blades
   140 | D:1      | Reached XP level 2. HP: 12/15 MP: 1/3
   291 | D:1      | Reached skill level 1 in Armour
   885 | D:2      | Reached XP level 3. HP: 17/18 MP: 2/4
  1209 | D:2      | Reached skill level 3 in Short Blades
  1225 | D:2      | Found a shimmering altar of Xom.
  1226 | D:2      | Found a hazy altar of Hepliaklqana.
  1226 | D:2      | Noticed a thorn hunter
  1227 | D:2      | Noticed a thorn hunter
  1227 | D:2      | Noticed a spectral ugly thing
  1309 | D:2      | Found a runed door.
  1314 | D:2      | Noticed Crazy Yiuf
  1314 | D:2      | Noticed Natasha
  1319 | D:2      | Killed Natasha
  1319 | D:2      | Gained mutation: Your natural rate of healing is unusually fast. [Vine Stalker growth]
  1319 | D:2      | Reached XP level 4. HP: 23/23 MP: 5/5
  1336 | D:2      | Noticed Natasha
  1364 | D:2      | Killed Natasha
  1451 | D:2      | Killed Crazy Yiuf
  1451 | D:2      | Reached XP level 5. HP: 26/26 MP: 6/6
  1610 | D:2      | Noticed Natasha
  1630 | D:2      | HP: 1/26 [Natasha/wand of flame (5)]
  1632 | D:2      | Killed Natasha
  1730 | D:3      | Reached skill level 4 in Short Blades
  1843 | D:3      | Noticed Robin
  1874 | D:3      | Killed Robin
  2334 | D:3      | Reached XP level 6. HP: 30/30 MP: 7/7
  2730 | D:4      | Found a deep blue altar of Sif Muna.
  2858 | D:4      | Reached skill level 1 in Shields
  3000 | D:4      | Reached XP level 7. HP: 30/34 MP: 6/8
  3092 | D:4      | Reached skill level 5 in Short Blades
  3369 | D:5      | Entered Level 5 of the Dungeon
  3803 | D:5      | Found a shadowy altar of Dithmenos.
  4115 | D:5      | Gained mutation: You have razor-sharp teeth. [Vine Stalker growth]
  4115 | D:5      | Reached XP level 8. HP: 38/38 MP: 7/9
  4403 | D:6      | Noticed Menkaure
  4416 | D:6      | Killed Menkaure
  4504 | D:6      | Reached skill level 6 in Short Blades
  4509 | D:6      | Gained mutation: Your spells are a little easier to cast, but a little less powerful. [mutagenic meat]
  4510 | D:6      | Gained mutation: Scrolls take you a little longer to read. [mutagenic meat]
  4511 | D:6      | Gained mutation: Armour fits poorly on your strangely shaped body. [mutagenic meat]
  4512 | D:6      | Gained mutation: You are clumsy. (Dex -2) [mutagenic meat]
  4574 | D:6      | Noticed Edmund
  4598 | D:6      | Killed Edmund
  4598 | D:6      | Reached skill level 5 in Armour
  4824 | D:6      | Noticed Pikel
  4899 | D:6      | Mangled by a slave

Skill      XL: |  1  2  3  4  5  6  7  8 |
---------------+-------------------------+-----
Short Blades   | 2 3 4 5 6 |  6.2
Armour         | 1 2 3 4 5 |  5.1
Shields        | 1 3 4 |  4.2
Fighting       | |  1.7
Throwing       | |  1.7
Dodging        | |  0.7
Stealth        | |  4.8

Action                   |  1- 3 |  4- 6 |  7- 9 || total
-------------------------+-------+-------+-------++-------
Melee: Dagger            |    99 |    43 |     8 ||   150
       Bite              |    24 |    43 |    68 ||   135
       Short sword       |       |   105 |   238 ||   343
 Fire: Blowgun           |       |     4 |    16 ||    20
Throw: Tomahawk          |       |       |     1 ||     1
 Stab: Sleeping          |     7 |     8 |    11 ||    26
       Distracted        |       |       |     1 ||     1
  Eat: Chunk             |     1 |     6 |    10 ||    17
Armor: Robe              |    39 |    22 |       ||    61
       Leather armour    |       |     9 |    61 ||    70
Dodge: Dodged            |    82 |    59 |   114 ||   255
